 Dungeon Crawl Stone Soup version 0.23-a0-539-g3f6f39f (webtiles) character file.

130 Lanoc the Cudgeler (level 4, -2/45 HPs)
             Began as a Troll Berserker on Dec 7, 2018.
             Was a Believer of Trog.
             Slain by a hobgoblin
             ... wielding a +0 club
             ... led by Robin
              (3 damage)
             ... on level 2 of the Dungeon.
             The game lasted 00:02:53 (943 turns).

Lanoc the Cudgeler (Troll Berserker)                 Turns: 943, Time: 00:02:55

Health: -2/45      AC:  5    Str: 26    XL:     4   Next: 89%
Magic:  12/12      EV: 16    Int:  3    God:    Trog [**....]
Gold:   25         SH:  0    Dex: 17    Spells: 3/3 levels left

rFire    . . .     SeeInvis .   a - +0 mace
rCold    . . .     Gourm    +   (no shield)
rNeg     . . .     Faith    .   b - +0 animal skin
rPois    .         Spirit   .   (helmet restricted)
rElec    .         Reflect  .   (no cloak)
rCorr    .         Harm     .   (gloves unavailable)
MR       .....                  (boots unavailable)
Stlth    +++.......             (no amulet)
HPRegen  0.55/turn              d - ring of magical power
MPRegen  0.13/turn              j - +3 ring of dexterity

@: agile, lethally poisoned (-2 -> -2), berserk cooldown, slowed, drained, very
slow
A: large, unfitting armour, claws 3, fast metabolism 3, gourmand, regeneration
1, shaggy fur 1, tough skin 2
a: Berserk, Trog's Hand, Renounce Religion


You were on level 2 of the Dungeon.
You worshipped Trog.
Trog was pleased with you.
You were very full.

You visited 1 branch of the dungeon, and saw 2 of its levels.

You collected 25 gold pieces.

Inventory:

Hand Weapons
 a - a +0 mace (weapon)
Armour
 b - a +0 animal skin (worn)
Jewellery
 d - a ring of magical power (left claw)
 j - a +3 ring of dexterity (right claw)
Scrolls
 e - a scroll of remove curse {unknown}
 g - a scroll of enchant weapon {unknown}
 i - a scroll of identify {unknown}
Potions
 f - a potion of resistance {unknown}
 h - a potion of agility
Comestibles
 c - 4 rations
 k - 3 chunks of flesh


   Skills:
 + Level 3.1(2.3) Fighting
 * Level 4.1(3.2) Maces & Flails
 + Level 3.1(2.3) Dodging


You had 3 spell levels left.
You didn't know any spells.
Your spell library was empty.

Dungeon Overview and Level Annotations

Branches:
Dungeon (2/15)

Altars:
Ashenzari
Fedhas
Hepliaklqana

Annotations:
D:2 Robin, Sigmund


Innate Abilities, Weirdness & Mutations

You are too large for most types of armour.
You have claws for hands.
Your metabolism is lightning-fast.
You like to eat raw meat.
Your natural rate of healing is unusually fast.
You are covered in fur. (AC +1)
You have very tough skin. (AC +2)


Message History

You sock the goblin!
You kill the goblin!
Trog accepts your kill. The goblin barely misses you.
The kobold hits you but does no damage.
You sock the goblin!
You kill the goblin!
Trog accepts your kill.
You are no longer berserk.
You are exhausted.
You feel yourself slow down. The goblin hits you but does no damage.
Robin throws the goblin at you! The goblin hits you with a +0 club!
* * * LOW HITPOINT WARNING * * *
The kobold completely misses you. The goblin barely misses you.
It was a potion of agility.
You feel agile all of a sudden.
You feel sick. The goblin closely misses you.
The goblin hits you with a +0 dagger.
* * * LOW HITPOINT WARNING * * *
The hobgoblin hits you with a +0 club.
You die...

#...... ..>....##
........####
...........#..#
...........#..
.......g...#.#
......Kgg..#.#
..g.g.g@g....#
......#gg....#
##### #.#....#
#.#....# #.#....#
#......########
##..............#
...###.#.######.#
###...#.#.# #.##


You could see Robin, 2 hobgoblins, 6 goblins and a kobold.

Vanquished Creatures
  4 adders (D:2)
  4 gnolls (D:2)
  3 dart slugs (D:1)
  6 bats
  A giant cockroach (D:1)
  9 hobgoblins
  4 jackals (D:1)
  A ball python (D:2)
  4 frilled lizards
  7 goblins
  6 kobolds
  3 rats
52 creatures vanquished.

Notes
Turn   | Place    | Note
-------+----------+-------------------------------------------
     0 | D:1      | Lanoc the Troll Berserker began the quest for the Orb.
     0 | D:1      | Reached XP level 1. HP: 22/22 MP: 0/0
    93 | D:1      | Reached skill level 3 in Maces & Flails
    93 | D:1      | Reached XP level 2. HP: 21/29 MP: 1/1
   397 | D:1      | Reached ** piety under Trog
   397 | D:1      | Reached XP level 3. HP: 36/36 MP: 2/2
   673 | D:2      | Found a hazy altar of Hepliaklqana.
   730 | D:2      | Reached XP level 4. HP: 33/44 MP: 3/3
   745 | D:2      | Found a shattered altar of Ashenzari.
   791 | D:2      | Noticed Sigmund
   810 | D:2      | Found a blossoming altar of Fedhas.
   932 | D:2      | Reached skill level 4 in Maces & Flails
   933 | D:2      | Noticed Robin
   943 | D:2      | HP: 1/45 [goblin/+0 dagger[Robin] (2)]
   943 | D:2      | Slain by a hobgoblin

Vault maps used:
D:1:      shiori_arrival_oz
D:2:      lemuel_round_altar, nicolae_ashenzari_panopticon,
          fedhas_altar_fruit_tree, uniq_robin, uniq_sigmund,
          uniq_crazy_yiuf_cottage

Skill      XL: |  1  2  3  4 |
---------------+-------------+-----
Maces & Flails | 3 4 |  4.1
Dodging        | 3 |  3.1
Fighting       | 3 |  3.1

Action                   |  1- 3 |  4- 6 || total
-------------------------+-------+-------++-------
Melee: Mace              |   131 |    38 ||   169
Invok: Berserk           |     2 |     1 ||     3
  Use: Potion            |       |     1 ||     1
 Stab: Sleeping          |       |     1 ||     1
  Eat: Chunk             |    15 |     2 ||    17
Armor: Animal skin       |    75 |    20 ||    95
Dodge: Dodged            |    95 |    26 ||   121

Table legend:
 A = Non-vault XP
 B = Vault XP
 C = Vault XP percentage of total XP
 D = Non-vault monster count
 E = Vault monster count
 F = Vault count percentage of total count
                 A         B        C        D         E       F
            +---------+---------+-------+---------+---------+-------
      Total |     181 |       5 |   2.7 |      49 |       3 |   5.8
            +---------+---------+-------+---------+---------+-------
        D:1 |      50 |       1 |   2.0 |      27 |       1 |   3.6
        D:2 |     131 |       4 |   3.0 |      22 |       2 |   8.3
            +---------+---------+-------+---------+---------+-------
